 Dungeon Crawl Stone Soup version 0.28.0 (webtiles) character file.

Game seed: 1647343298625269694

473 croobank the Insei (level 7, -9/45 HPs)
             Began as an Octopode Transmuter on Feb 14, 2022.
             Was a Priest of Vehumet.
             Killed by an exploding fulminant prism (38 damage)
             ... on level 4 of the Dungeon.
             The game lasted 00:20:50 (3732 turns).

croobank the Insei (Octopode Transmuter)            Turns: 3732, Time: 00:21:20

Health: -9/45      AC:  1    Str:  9    XL:     7   Next: 10%
Magic:  2/11       EV: 18    Int: 17    God:    Vehumet [***...]
Gold:   52         SH:  0    Dex: 19    Spells: 0/12 levels left

rFire   . . .      SeeInvis .   a - +1 dagger (venom)
rCold   . . .      Faith    .   (no shield)
rNeg    . . .      Spirit   .   (helmet currently unavailable)
rPois   .          Reflect  .   (no amulet)
rElec   .          Harm     .   e - +6 ring of dexterity
rCorr   .          Rampage  .   l - +4 ring of evasion
Will    .....                   (no ring)
Stlth   +++.......              (no ring)
HPRegen 0.15/turn               (no ring)
MPRegen 0.12/turn               (no ring)
                                (no ring)
                                (no ring)

@: appendages (expiring)
A: tentacle spike 3, almost no armour, amphibious, 8 rings, camouflage 1,
gelatinous body 1, (nimble swimmer 1), tentacles
a: End Transformation, Renounce Religion


You were on level 4 of the Dungeon.
You worshipped Vehumet.
Vehumet was most pleased with you.
One of your tentacles had grown a beastly spike.
You visited 1 branch of the dungeon, and saw 4 of its levels.

You collected 88 gold pieces.
You spent 36 gold pieces at shops.

Inventory:

Hand Weapons
 a - a +1 dagger of venom (weapon)
 b - a +0 hunting sling
 m - a +0 hand axe
Missiles
 d - a boomerang
 f - 83 arrows
 h - 182 stones
Jewellery
 e - a +6 ring of dexterity (left tentacle)
 l - a +4 ring of evasion (right tentacle)
 o - a ring of magical power
Scrolls
 k - a scroll of fog
Potions
 c - a potion of lignification
 g - a potion of berserk rage {unknown}
 i - 2 potions of heal wounds {unknown}
 j - a potion of curing
 n - a potion of degeneration {unknown}
 p - a potion of haste {unknown}


   Skills:
 - Level 2.5 Fighting
 + Level 3.3 Dodging
 - Level 3.7 Unarmed Combat
 + Level 3.3 Spellcasting
 + Level 2.1 Conjurations
 + Level 1.0 Hexes
 + Level 3.3 Transmutations
 + Level 2.2 Fire Magic


You couldn't memorise any spells.
You knew the following spells:

 Your Spells              Type           Power      Damage    Failure   Level
a - Beastly Appendage     Tmut           28%        N/A       4%          1
b - Foxfire               Conj/Fire      40%        2x1d6     1%          1
c - Wereblood             Tmut           14%        N/A       6%          2
d - Shock                 Conj/Air       24%        1d4       3%          1
e - Ignite Poison         Fire/Tmut/Pois 9%         N/A       7%          3
f - Fulminant Prism       Conj/Hex       4%         3d6       22%         4

Your spell library contained the following spells:

 Spells                   Type           Power      Damage    Failure   Level
 Conjure Flame            Conj/Fire      10%        6-21      5%          3
 Inner Flame              Hex/Fire       8%         N/A       7%          3
 Flame Wave               Conj/Fire      10%        2d5       17%         4
 Spider Form              Tmut/Pois      8%         N/A       26%         3
 Portal Projectile        Hex/Tloc       8%         N/A       38%         3
 Call Canine Familiar     Summ           2%         N/A       45%         3
 Gell's Gravitas          Tloc           2%         N/A       45%         3
 Lesser Beckoning         Tloc           2%         N/A       45%         3
 Teleport Other           Tloc           2%         N/A       45%         3
 Ice Form                 Ice/Tmut       8%         N/A       63%         4
 Leda's Liquefaction      Hex/Erth       2%         N/A       80%         4


Dungeon Overview and Level Annotations

Branches:
Dungeon (4/15)
 Temple: D:4-7

Altars:
Trog
Vehumet
Wu Jian

Shops:
D:2 [:!*[   D:3 [

Annotations:
D:3 1 runed translucent door, Crazy Yiuf


Innate Abilities, Weirdness & Mutations

One of your tentacles has grown a beastly spike.
You cannot wear most types of armour.
You are amphibious.
You can wear up to eight rings at the same time.
Your skin changes colour to match your surroundings (Stealth+).
Your rubbery body absorbs attacks. (AC +1, EV +1)
((You are camouflaged when in or above water. (Stealth+)))
You have tentacles for arms and can constrict up to eight enemies at once.


Message History

Confirm with . or Enter, or press ? or * to list all spells.
One of your tentacles grows a vicious spike.
The foxfire hits the gnoll.
The gnoll is heavily wounded.
You hit the gnoll.
The gnoll is poisoned.
You grab the gnoll.
You pierce the gnoll.
You kill the gnoll!
Vehumet accepts your kill.
You feel your power returning.
The gnoll hits you from afar with a +3 spear!
The gnoll shaman hits you with a +0 club!
The gnoll closely misses you.
Okay, then.
Casting: Beastly Appendage (safe; 4% risk of failure)
Confirm with . or Enter, or press ? or * to list all spells.
The spell is quite dangerous to miscast (22% risk of failure)!
Continue anyway?
Aiming: Fulminant Prism (quite dangerous; 22% risk of failure)
Press: ? - help, Dir - move target You conjure a prism of explosive energy!
A fulminant prism comes into view.
The adder bites your fulminant prism.
Your fulminant prism detonates feebly.
The gnoll shaman completely misses you.
Your transformation is almost over.
Casting: Fulminant Prism (quite dangerous; 22% risk of failure)
Confirm with . or Enter, or press ? or * to list all spells.
The spell is quite dangerous to miscast (22% risk of failure)!
Continue anyway?
Aiming: Fulminant Prism (quite dangerous; 22% risk of failure)
Press: ? - help, Dir - move target You conjure a prism of explosive energy!
A fulminant prism comes into view.
The gnoll shaman completely misses you.
Your fulminant prism crackles loudly.
Your fulminant prism explodes!
The blast of energy engulfs the gnoll shaman!!
You kill the gnoll shaman!
Vehumet accepts your kill. The blast of energy engulfs you!!!
Ouch! That really hurt!
You die...

#.#####)#.#.# #.##......######
####.# #.#.#.###.##......#
.....# #.#.#...#.##...####
..†.g#####.#.###.#.##.)†#######
..).ggg.5..5S.......')).......#
...g########.###.#.##...#####.##
..g.# #.###.#.##.††# #..# ..5.#
#..S)...##..†######.## #####
#####@#...............
#.#.###########..# #.#.# ##.#
#.#.###### #.. #........# ##.
####........# . #...........# #
#....######## #....#


You could see an adder.

Vanquished Creatures
  A black bear (D:4)
  A necrophage (D:4)
  A scorpion (D:4)
  A gnoll shaman (D:4)
  2 orc priests (D:3)
  A gnoll (D:4)
  5 adders
  3 worms
  10 orcs
  9 endoplasms
  4 giant cockroaches
  14 goblins
  6 hobgoblins
  7 jackals
  8 quokkas
  10 ball pythons
  6 bats (D:1)
  4 frilled lizards
  5 kobolds
  11 rats
109 creatures vanquished.

Vanquished Creatures (collateral kills)
  A foxfire (D:3)
1 creature vanquished.

Vanquished Creatures (others)
  90 foxfires
  2 fulminant prisms (D:4)
  2 plants (D:2)
94 creatures vanquished.

Grand Total: 204 creatures vanquished

Notes
Turn   | Place    | Note
-------+----------+-------------------------------------------
     0 | D:1      | croobank the Octopode Transmuter began the quest for the
                  | Orb.
     0 | D:1      | Reached XP level 1. HP: 13/13 MP: 3/3
   165 | D:1      | Found a faded altar of an unknown god.
   171 | D:1      | Prayed at the altar of an unknown god.
   171 | D:1      | Became a worshipper of Vehumet
   171 | D:1      | Reached * piety under Vehumet
   171 | D:1      | Offered knowledge of Foxfire by Vehumet.
   174 | D:1      | Learned a level 1 spell: Foxfire
   185 | D:1      | Reached XP level 2. HP: 18/18 MP: 3/5
   589 | D:1      | Reached XP level 3. HP: 23/23 MP: 2/6
   592 | D:1      | Learned a level 2 spell: Wereblood
   638 | D:1      | Reached ** piety under Vehumet
   643 | D:1      | Offered knowledge of Shock by Vehumet.
   647 | D:1      | Learned a level 1 spell: Shock
  1071 | D:2      | Found Jesicrik's Armour Shoppe.
  1074 | D:2      | Found Hocag's Distillery.
  1264 | D:2      | Bought a potion of curing for 36 gold pieces
  1357 | D:2      | Found Doanuff's Antique Armour Emporium.
  1624 | D:2      | Reached XP level 4. HP: 29/29 MP: 4/7
  1723 | D:2      | Found Kaokisoo's General Store.
  2048 | D:2      | Found Wuwakkua's Book Shop.
  2255 | D:3      | Offered knowledge of Ignite Poison by Vehumet.
  2256 | D:3      | Reached skill level 1 in Fire Magic
  2260 | D:3      | Learned a level 3 spell: Ignite Poison
  2393 | D:3      | Found Doumu's Antique Armour Boutique.
  2413 | D:3      | Reached skill level 1 in Conjurations
  2413 | D:3      | Reached XP level 5. HP: 14/34 MP: 6/8
  2781 | D:3      | Found a radiant altar of Vehumet.
  2782 | D:3      | Found a bloodstained altar of Trog.
  2839 | D:3      | Reached *** piety under Vehumet
  2989 | D:3      | Found an ornate altar of the Wu Jian Council.
  3106 | D:3      | Found a runed translucent door.
  3107 | D:3      | Noticed Crazy Yiuf
  3402 | D:4      | Reached XP level 6. HP: 33/41 MP: 7/10
  3529 | D:4      | Offered knowledge of Fulminant Prism by Vehumet.
  3561 | D:4      | Noticed a necrophage
  3571 | D:4      | Noticed a black bear
  3576 | D:4      | Killed a necrophage
  3580 | D:4      | Killed a black bear
  3581 | D:4      | Reached skill level 1 in Hexes
  3581 | D:4      | Reached XP level 7. HP: 39/45 MP: 11/11
  3586 | D:4      | Learned a level 4 spell: Fulminant Prism
  3732 | D:4      | Killed by an exploding fulminant prism

Illustrated notes

Levels and vault maps discovered:
D:1:      lightli_arrival_boilingwater, layout_basic,
          shapermc_ecumenical_altar_venn
D:2:      layout_basic, serial_shops, nicolae_shop_crystal, shop_fountains,
          nicolae_shop_overgrown_old_shop, shop, nicolae_lakefront_shop
D:3:      layout_loops_cross, mainiacjoe_overflow_boulevard,
          nicolae_overflow_hidden_temple, serial_shops,
          nicolae_shop_temple_entry_statues_fountains, minivault_14,
          minmay_goblin_kobold_house, uniq_crazy_yiuf_cottage
D:4:      layout_basic

Skill      XL: |  1  2  3  4  5  6 |
---------------+-------------------+-----
Fire Magic     | 1 2 |  2.2
Fighting       | 2 |  2.5
Conjurations   | 1 2 |  2.1
Dodging        | 3 |  3.3
Spellcasting   | 3 |  3.3
Transmutations | 3 |  3.3
Hexes          | 1 |  1.0
Unarmed Combat | |  3.7

Action                   |  1- 3 |  4- 6 |  7- 9 || total
-------------------------+-------+-------+-------++-------
Melee: Unarmed           |    71 |    35 |       ||   106
       Constrict         |    23 |    31 |     1 ||    55
       Kick              |    21 |    23 |     1 ||    45
       Tentacles         |    12 |    19 |       ||    31
       Dagger            |       |    43 |     1 ||    44
       Punch             |       |     4 |       ||     4
       Hand axe          |       |     1 |       ||     1
 Cast: Beastly Appendage |    23 |    16 |     1 ||    40
       Foxfire           |    11 |    38 |     6 ||    55
       Shock             |     1 |       |       ||     1
       Wereblood         |       |     4 |       ||     4
       Fulminant Prism   |       |       |     2 ||     2
  Use: Scroll            |     3 |     3 |       ||     6
 Stab: Sleeping          |     4 |     2 |       ||     6
Armor: Skin              |     9 |     5 |       ||    14
Dodge: Dodged            |    51 |    60 |     3 ||   114
